Cogmind - Beta 16 @@@ ROGUE MODE // 2026.01.16 @ 10:54:43 Player: noklam Result: Destroyed by as-09635 with Assembled Blade Performance ------------- Evolutions (0) 0 Regions Visited (2) 400 Robots Destroyed (6) 30 Value Destroyed (153) 153 Prototype IDs (0) 0 Alien Tech Used (0) 0 Bonus (0) 0 TOTAL SCORE: 583 Bonus ------- None Cogmind --------- Core Integrity 0/250 Matter 35/300 Energy 100/100 System Corruption 6% Temperature Cool (0) Movement Core (100) Ox1 Location -10/Mines Parts ------- > --- POWER (1) -------- (None) > --- PROPULSION (2) --- (None) > --- UTILITY (2) ------ Small Storage Unit Tractor Beam > --- WEAPON (2) ------- (None) > --- INVENTORY (8) ---- Light Ion Engine Medium Storage Unit Large Matter Pod (0) Sensor Array Peak State ------------ > --- POWER ------------ Light Nuclear Core > --- PROPULSION ------- Light Treads > --- UTILITY ---------- Small Storage Unit Tractor Beam > --- WEAPON ----------- Grenade Launcher Grenade Launcher > --- INVENTORY -------- Light Ion Engine Medium Storage Unit Large Matter Pod Sensor Array EM Pulse Gun Light Assault Rifle Grenade Launcher Grenade Launcher [Rating: 8] Favorites ----------- Power Ion Engine Engine Ion Engine Power Core Light Nuclear Core Propulsion Aluminum Leg Treads Light Treads Leg Aluminum Leg Wheel Compact Wheel Utility Small Storage Unit Device Tractor Beam Storage Small Storage Unit Weapon Grenade Launcher Energy Gun EM Pulse Gun Ballistic Gun Light Assault Rifle Launcher Grenade Launcher Build | -11 -10 -10 ------- Run | Yrd Mat Min Slots Evolved . | . . . Power . | . . . Propulsion . | . . . Utility . | . . . Weapon . | . . . Parts Attached 18 | 8 7 3 Power 2 | 1 1 . Engine 1 | 1 . . Core 1 | . 1 . Reactor . | . . . Propulsion 5 | 4 1 . Treads 1 | . 1 . Leg 2 | 2 . . Wheel 2 | 2 . . Hover . | . . . Flight . | . . . Utility 5 | 1 3 1 Device 3 | . 2 1 Storage 2 | 1 1 . Processor . | . . . Hackware . | . . . Protection . | . . . Artifact . | . . . Weapon 6 | 2 2 2 Energy Gun 1 | 1 . . Energy Cannon . | . . . Ballistic Gun 1 | 1 . . Ballistic Cannon . | . . . Launcher 4 | . 2 2 Special Weapon . | . . . Impact Weapon . | . . . Slashing Weapon . | . . . Piercing Weapon . | . . . Special Melee Weapon . | . . . Unidentified Prototypes . | . . . Corrupted Parts 1 | . 1 . System Corruption 6 | . 6 . Parts Lost 8 | . . 8 Power 2 | . . 2 Propulsion 1 | . . 1 Utility 1 | . . 1 Weapon 4 | . . 4 Highest Loss Streak 8 | . . 8 To Critical Strikes . | . . . Average Backups 5 | . 5 7 Power 1 | . 1 1 Propulsion . | . . . Utility 1 | . 1 3 Weapon 2 | . 2 1 Tool/Special . | . . . Unused Backups 3 | . . 3 Power 1 | . . 1 Propulsion . | . . . Utility 2 | . . 2 Weapon . | . . . Tool/Special . | . . . Average Slot Usage (%) 84 | . 86 63 Engine 9 | . 10 2 Core 3 | . 3 7 Treads 8 | . 7 11 Leg 11 | . 12 . Device 9 | . 9 11 Storage 14 | . 14 14 Energy Gun 1 | . 1 . Ballistic Gun 1 | . 1 . Launcher 23 | . 24 16 Peak Build Rating 8 | 6 8 8 Average Rating 6 | 4 6 5 On Entrance 4 | . 6 8 Avg Prop Armor Cover (%) 3 | 3 . . Naked Turns . | . . . Heaviest Build 22 | 13 22 17 Greatest Support 32 | 32 20 20 Greatest Overweight (x) 1 | 1 1 1 Average Overweight (x) . | . . . Largest Inventory Capacity 10 | 8 10 8 Average Capacity 7 | 7 8 8 Most Carried 8 | 1 8 8 Average Carried 5 | . 5 6 Final Capacity 8 | 8 8 8 Final Carried 8 | 1 8 4 Class Distribution -------------------- 100% | Mutant Dominant Class ---------------- Mutant | -10/Materials Mutant | -10/Mines Resources | -11 -10 -10 ----------- Run | Yrd Mat Min Matter Collected 230 | 89 111 30 Remotely 101 | . 71 30 Salvage Created 191 | . 138 53 Parts 11 | . 10 1 Haulers Intercepted . | . . . Recyclers Shooed . | . . . Parts Field Recycled . | . . . Retrieved Matter . | . . . Parts Self-Destructed . | . . . Prevented . | . . . Parts Restored . | . . . Kills | -11 -10 -10 ------- Run | Yrd Mat Min Combat Hostiles Destroyed 14 | . 3 11 AOE 14 | . 3 11 Classes Destroyed 4 | . 3 1 Worker 2 | . 1 1 Watcher 1 | . 1 . Grunt 3 | . 3 . Assembled 11 | . . 11 Best Kill Streak 12 | . 3 12 Combat Bots Only 11 | . 2 11 Max Kills in Single Turn 6 | . 2 6 Gunslinging . | . . . Exploded 5 | . 1 5 Melee . | . . . Uniques/NPCs Destroyed . | . . . Combat | -11 -10 -10 -------- Run | Yrd Mat Min Hostile Shots Fired 53 | . 3 50 Missed 10 | . 1 9 Hits 43 | . 2 41 Melee 8 | . . 8 Projectile 35 | . 2 33 Damage Taken 832 | . 75 757 Core 253 | . . 253 Absorbed by Shields . | . . . Core Remaining (%) 100 | 100 . . Volleys Fired 8 | . 3 5 Largest 2 | . 2 2 Hottest 60 | . 60 60 Shots Fired 15 | . 7 8 Gun . | . . . Cannon . | . . . Launcher 15 | . 7 8 Special . | . . . Kinetic . | . . . Thermal . | . . . Explosive 15 | . 7 8 Electromagnetic . | . . . Robot Hit Streak . | . . . Robot Miss Streak 2 | . 2 . Penetration Max . | . . . Secondary Targets . | . . . Shots Hit Robots . | . . . Core Hits 44 | . 9 35 Critical Kills . | . . . Critical Parts Destroyed . | . . . Critical Strikes . | . . . Melee Attacks . | . . . Impact . | . . . Slashing . | . . . Piercing . | . . . Sneak Attacks . | . . . Combat Hostiles . | . . . Follow-up Attacks . | . . . Damage Inflicted 970 | . 213 757 Guns . | . . . Cannons . | . . . Explosions 963 | . 213 750 Melee . | . . . Ramming 7 | . . 7 Kinetic . | . . . Thermal . | . . . Explosive 922 | . 172 750 Electromagnetic 41 | . 41 . Impact . | . . . Slashing . | . . . Piercing . | . . . Highest Corruption 6 | . 6 6 Average Corruption 6 | . 6 6 Corruption Purged . | . . . Corruption Blocked . | . . . Effects 2 | . 2 . Message Errors 1 | . 1 . Misfires 1 | . 1 . Overload Shots . | . . . Overflow Damage 7 | . . 7 Projectiles . | . . . Explosions 7 | . . 7 Melee . | . . . Knockbacks . | . . . Impact . | . . . Kinetic . | . . . Secondary . | . . . Self-Inflicted Damage 121 | . 46 75 Shots 4 | . 2 2 Rammed 5 | . . 5 Targets Rammed 5 | . . 5 Kicked . | . . . Crushed . | . . . Highest Temperature 57 | . 9 57 Average Temperature 29 | . 9 31 Received Heat Transfer 175 | . 15 160 Siege Activations . | . . . Martial Activations . | . . . Shielding Activations . | . . . Robots Disrupted . | . . . Combat Hostiles . | . . . Robots Corrupted . | . . . Combat Hostiles . | . . . Parts Fried . | . . . Impact Corruptions . | . . . Robots Melted . | . . . Combat Hostiles . | . . . Parts Melted . | . . . Heat Transferred . | . . . Parts Sabotaged . | . . . Parts Stolen . | . . . Parts Stripped . | . . . Power Chain Reactions . | . . . Alert | -11 -10 -10 ------- Run | Yrd Mat Min Maximum Alert Level . | . . . Low Security (%) 100 | 100 100 100 Level 1 . | . . . Level 2 . | . . . Level 3 . | . . . Level 4 . | . . . Level 5 . | . . . High Security . | . . . Max Security . | . . . Peak Influence 85 | . 85 24 Initial 13 | . . 13 Average 15 | . 18 7 Influence Increases 176 | . 139 37 Destroy 0b10 Robot/C 60 | . 60 . Destroy 0b10 Robot/NC 15 | . 10 5 Destroy Leader 12 | . 12 . Disable Machine 30 | . 30 . Destroy Structure 59 | . 27 32 Influence Decreases 176 | . 105 71 Entered New Map 21 | . . 21 Time Decay 115 | . 105 10 Lost Part 40 | . . 40 Squads Dispatched . | . . . Investigation . | . . . Extermination . | . . . Reinforcement . | . . . Assault . | . . . Garrison . | . . . Intercept . | . . . Searches Triggered . | . . . Construction Impeded . | . . . Haulers Reinforced . | . . . Active Scanning Responses . | . . . Cargo Convoy Interrupts . | . . . Stealth | -11 -10 -10 --------- Run | Yrd Mat Min Distress Signals . | . . . Communications Jammed . | . . . Distress Signals . | . . . Times Spotted 20 | . 4 16 Peak Tracking Total 14 | . 2 14 Tactical Retreats . | . . . Traps | -11 -10 -10 ------- Run | Yrd Mat Min Traps Triggered . | . . . Indirectly . | . . . Trap Hack Attempts . | . . . Triggered . | . . . Disarmed . | . . . Reprogrammed . | . . . Reused . | . . . Traps Extracted . | . . . Installed . | . . . Triggered . | . . . Machines | -11 -10 -10 ---------- Run | Yrd Mat Min Machines Disabled 3 | . 3 . Max in Single Turn 2 | . 2 . Machines Repaired . | . . . Machines Dismantled . | . . . Machines Sabotaged . | . . . Overloaded Fab Kills . | . . . Hacking | -11 -10 -10 --------- Run | Yrd Mat Min Machines Accessed 1 | . 1 . Terminals 1 | . 1 . Fabricators . | . . . Repair Stations . | . . . Recycling Units . | . . . Scanalyzers . | . . . Garrison Access . | . . . Total Hacks 1 | . 1 . Successful 1 | . 1 . Failed . | . . . Catastrophic . | . . . Database Lockouts . | . . . Manual . | . . . Terminals 1 | . 1 . Fabricators . | . . . Repair Stations . | . . . Recycling Units . | . . . Scanalyzers . | . . . Garrison Access . | . . . Terminal Hacks 1 | . 1 . Record 1 | . 1 . Fabricator Hacks . | . . . Repair Station Hacks . | . . . Recycling Unit Hacks . | . . . Scanalyzer . | . . . Garrison Access Hacks . | . . . Unauthorized Hacks . | . . . Terminals . | . . . Fabricators . | . . . Repair Stations . | . . . Recycling Units . | . . . Scanalyzers . | . . . Garrison Access . | . . . Data Cores Recovered . | . . . Used . | . . . Hacking Detections 1 | . 1 . Full Trace Events . | . . . Feedback Events . | . . . Feedback Blocked . | . . . Robot Schematics Acquired . | . . . Robots Built . | . . . Authchips . | . . . Time . | . . . Total Robot Build Rating . | . . . Part Schematics Acquired . | . . . Parts Built . | . . . Authchips . | . . . Time . | . . . Total Part Build Rating . | . . . Part Studies Acquired . | . . . Parts Repaired . | . . . Time . | . . . Parts Recycled . | . . . Recycled Matter . | . . . Retrieved Matter . | . . . Retrieved Components . | . . . Parts Scanalyzed . | . . . Part Schematics Acquired . | . . . Parts Damaged . | . . . Bothacking | -11 -10 -10 ------------ Run | Yrd Mat Min Used RIF Installer . | . . . Robots Hacked . | . . . Non-combat . | . . . Combat . | . . . Robot Hacks Applied . | . . . Relay Couplers Released . | . . . Fabnet Peak Effective % . | . . . Robots Rewired . | . . . Allies Hacked . | . . . Hacks Repelled . | . . . Allies | -11 -10 -10 -------- Run | Yrd Mat Min Total Allies . | . . . Largest Group . | . . . Highest-Rated Group . | . . . Highest-Rated Ally . | . . . Total Orders . | . . . Ally Attacks . | . . . Total Damage . | . . . Kills . | . . . Allies Corrupted . | . . . Allies Melted . | . . . Intel | -11 -10 -10 ------- Run | Yrd Mat Min Active Infowar (turns) . | . . . Robot Analysis Total . | . . . Derelict Logs Recovered . | . . . Drone Launches . | . . . Drone Recoveries . | . . . Exploration | -11 -10 -10 ------------- Run | Yrd Mat Min Turns Passed 678 | 68 551 59 Spaces Moved 440 | 46 372 22 Core 10 | 3 . 7 Treads 195 | . 180 15 Legs 215 | 23 192 . Wheels 20 | 20 . . Hover . | . . . Flight . | . . . Fastest Speed 50 | 50 120 100 Average Speed 137 | 121 139 140 Slowest Speed 240 | 190 240 160 Overloaded Moves . | . . . Propulsion Burnouts . | . . . Robots Hopped . | . . . Potential Cave-ins . | . . . Cave-ins Triggered . | . . . Exploration Rate (%) 31 | 4 76 13 Regions Visited 2 Branch Regions 1 Pre-discovered Areas . | . . . Known Exits Taken . | . . . Unknown Exits Taken 2 | 1 1 . Scrap Searched . | . . . Spaces Dug 17 | . . 17 Terrain Destroyed 81 | . 37 44 Melee . | . . . Projectile . | . . . AOE 81 | . 37 44 Terrain Rammed . | . . . Walls Destroyed . | . . . Machines Disabled . | . . . Actions | -11 -10 -10 --------- Run | Yrd Mat Min Total 490 | 54 397 39 Wait 4 | . 1 3 Move 438 | 45 371 22 Hop . | . . . Pick Up 9 | 1 8 . Fast Attach 8 | 6 2 . Attach 4 | . . 4 Detach 2 | . 2 . Swap 8 | 2 6 . Drop 4 | . 4 . Fire 8 | . 3 5 Melee . | . . . Ram 2 | . . 2 Kick . | . . . Crush 3 | . . 3 Escape Stasis . | . . . Rewire . | . . . Trap . | . . . Miscellaneous . | . . . Route ------- -11/Scrapyard -10/Materials (discovered 4 exits: [*Mat] / [*Min x2] / [*Sub]) -10/Mines History --------- Turn | Location | Event 20 | -11/Scrapyard | Discovered new exit (range 15) 69 | -11/Scrapyard | Entered Materials 152 | -10/Materials | Discovered new exit (range 11) 197 | -10/Materials | Discovered new exit (range 7) 296 | -10/Materials | Discovered new exit (range 7) 301 | -10/Materials | Build established: Mutant 585 | -10/Materials | Discovered new exit (range 16) 620 | -10/Materials | Entered Mines 621 | -10/Mines | Assembled infested the area 668 | -10/Mines | Core integrity fell below 50% 675 | -10/Mines | Core integrity fell below 20% 679 | -10/Mines | Destroyed by as-09635 with Assembled Blade Last Messages --------------- 00654_ K-01 Serf collects debris. 00656_ Slammed into as-09635. 00656_ Grenade Launcher destroyed. 00657_ as-72064 destroyed. 00657_ K-01 Serf cleans the Core Extractor. 00659_ Slammed into as-09635. 00661_ K-01 Serf collects debris. 00662_ The unstable cave ceiling collapses. 00663_ Lgt. Treads destroyed. 00664_ as-98255 destroyed. 00664_ Grenade Launcher destroyed. 00666_ Slammed into as-09635. 00666_ Ion Engine destroyed. 00667_ The unstable cave ceiling collapses. 00668_ K-01 Serf collects debris. 00668_ Slammed into as-09635. 00669_ The unstable cave ceiling collapses. 00671_ K-01 Serf cleans the Core Extractor. 00672_ Acquired 1 matter. 00673_ The unstable cave ceiling collapses. Map ----- +----------------------------------------------------+ | ??????????????????????????????????????? | | ??????????????????????????????????????? | | ??????????????????????????????????????? | | ??????????????????????????????????????? | | ??????????????????????????????????????? | | ??????????????????????????????????????? | | ??????????????????????????????????????? | | ??????????????????????????????????????? | | ??????????????????????????????????????? | | ??????????????????????????????????????? | | ???????????????? ?????????????????????? | | ???????????????? #????????????????????? | | ???????????????? #????????????????????? | | ???????????????? #????????????????????? | | ??????????????? #????????????????????? | | ??????????????? #???????#????????????? | | ??????????????? #?????? #???????????? | | ??????????????? #????? ???????????? | | ??????????????? #???? ???????????? | | ?????????###??? ##?# ????????????? | | ?????##### ### ## ??????????????? | | ????## #???????????????? | | ???## # < #????????????????? | | ???# #?????????????????? | | ???# #?????????????????? | | ???# a@ ##????????????????? | | ????# # a #????????????????? | | ?????# ## #?????????????? | | ?????#### a# #?? ??????????? | | ????????# # #???? ?????????? | | ????????# # #?????? ##??????????? | | ????????## k # ###??????#???????????? | | ????????## #??????????????????? | | ????????# * #??????????????????? | | ????????# #??????????????????? | | ????????# #??????????????????? | | ????????## #??????????????????? | | ?????????# """ """ #??????????????????? | | ?????????# """ """ #??????????????????? | | ?????????# """ """ #??????????????????? | | ?????????# #??????????????????? | | ?????????# """ """ #??????????????????? | | ?????????# """ """ #??????????????????? | | ?????????# """ """ #??????????????????? | | ?????????# #??????????????????? | | ?????????###########??????????????????? | | ??????????????????????????????????????? | | ??????????????????????????????????????? | | | | | +----------------------------------------------------+ Best States ------------- Heat Dissipation 35 Energy Generation 14 Energy Capacity 250 Matter Stores 169 Matter Capacity 300 Sight Range 16 Terrain Scan Density 10 Evasion (%) 55 Recoil Reduction 1 Item Schematics ----------------- None Robot Schematics ------------------ None Fabricated ------------ Nothing Repaired ---------- Nothing Studied --------- None Alien Tech Used ----------------- None Achievements -------------- Quick And Dirty Challenges ------------ None Game ------ Seed PitchforkInertialMinigun Manual? 0 Play Time 00:08:23 Cumulative 18.0 hours Start 2026.01.16 @ 10:47:44 End 2026.01.16 @ 10:54:43 Sessions 1 Manual Loads 0 Difficulty Rogue Special Mode None Game No. 30 Rogue 30 Adventurer 0 Explorer 0 Win Type - Total 0 Types 0/0/0/0/0/0/0/0/0/0 Lore% 11 Gallery% 20 Achievement% 14 Wizard Run 0 Options --------- Layout 1 ASCII 0 Keyboard 1 Movement Vi Keybinds 0 Fullscreen 1 Font 24/Smallcaps Map View 50x35 Zoom Use 0% Tactical HUD 1 Map Filters NONE Filters NONE Steam 1 RUN: 60606c08-2a8a-4639-9a87-bdbfe93fe155